 Dungeon Crawl Stone Soup version 0.30-a0-808-g6e0788376e (webtiles) character file.

Game seed: 8683133447127939768

1773 cforsyth the Covert (level 9, -2/56 HPs)
             Began as a Kobold Brigand on Feb 26, 2023.
             Was an Initiate of Hepliaklqana.
             Slain by a wight
             ... wielding a +1 battleaxe
              (15 damage)
             ... on level 6 of the Dungeon.
             The game lasted 00:06:44 (6372 turns).

cforsyth the Covert (Kobold Brigand)                Turns: 6372, Time: 00:06:45

Health: -2/56      AC:  4    Str:  6    XL:     9   Next: 28%
Magic:  9/9        EV: 17    Int: 20    God:    Hepliaklqana [......]
Gold:   217        SH:  0    Dex: 19    Spells: 8/8 levels left

rFire   . . .      SeeInvis +    g - +2 dagger (protect)
rCold   . . .      Faith    .    (no shield)
rNeg    . . .      Spirit   .    u - +0 leather armour
rPois   .          Reflect  .    (no helmet)
rElec   .          Harm     .    c - +0 cloak
rCorr   .          Rampage  .    (no gloves)
Will    +....                    (no boots)
Stlth   +++++                    (no amulet)
HPRegen 0.29/turn                v - ring of see invisible
MPRegen 0.11/turn                x - ring of willpower

@: no status effects
A: small, no large weapons, nightstalker 3, clever 2, screaming 1
a: Renounce Religion


You were on level 6 of the Dungeon.
You worshipped Hepliaklqana.
Hepliaklqana was noncommittal.
You visited 2 branches of the dungeon, and saw 7 of its levels.

You collected 217 gold pieces.

Inventory:

Hand Weapons
 a - a +2 dagger
 g - a +2 dagger of protection (weapon)
Missiles
 d - 9 poisoned darts (quivered)
 e - 3 curare-tipped darts
Armour
 b - a +0 robe
 c - a +0 cloak (worn)
 u - a +0 leather armour (worn)
Jewellery
 r - a +6 ring of strength
 t - a ring of fire
 v - a ring of see invisible (left hand)
 x - a ring of willpower (right hand)
 z - a +4 ring of protection
 B - a ring of protection from fire
 C - an amulet of the acrobat
Wands
 l - a wand of polymorph (9)
Scrolls
 f - 2 scrolls of poison {unknown}
 j - 6 scrolls of teleportation {unknown}
 k - a scroll of enchant weapon {unknown}
 n - 2 scrolls of enchant armour {unknown}
 o - 5 scrolls of identify {unknown}
 p - 2 scrolls of noise {unknown}
 q - 2 scrolls of fog {unknown}
 s - a scroll of immolation {unknown}
 w - a scroll of torment {unknown}
 y - a scroll of fear {unknown}
 A - a scroll of amnesia {unknown}
Potions
 h - a potion of cancellation {unknown}
 i - a potion of ambrosia
 m - 2 potions of curing


   Skills:
 + Level 6.5 Fighting
 + Level 7.9 Short Blades
 - Level 2.1 Throwing
 + Level 6.8 Dodging
 + Level 9.7 Stealth


You had 8 spell levels left.
You didn't know any spells.
Your spell library contained the following spells:

 Spells                   Type           Power      Damage    Failure   Level
 Cigotuvi's Dreadful Rot  Necr/Pois/Air  0%         N/A       41%         2
 Poisonous Vapours        Pois/Air       0%         N/A       41%         2
 Mephitic Cloud           Conj/Pois/Air  0%         N/A       65%         3
 Tukima's Dance           Hex            0%         N/A       65%         3
 Passage of Golubria      Tloc           0%         N/A       96%         4
 Petrify                  Tmut/Erth      0%         N/A       96%         4
 Metabolic Englaciation   Hex/Ice        0%         N/A       100%        5
 Yara's Violent Unravell  Hex/Tmut       0%         3d3       100%        5
 Statue Form              Tmut/Erth      0%         N/A       100%        6


Dungeon Overview and Level Annotations

Branches:
Dungeon (6/15)             Temple (1/1) D:5

Altars:
Ashenzari
Cheibriados
Dithmenos
Elyvilon
Fedhas
Gozag
Hepliaklqana
Kikubaaqudgha
Makhleb
Nemelex Xobeh
Okawaru
Qazlal
Ru
Sif Muna
Trog
Uskayaw
Vehumet
Xom
Yredelemnul
Zin

Annotations:
D:4 Dowan, Duvessa


Innate Abilities, Weirdness & Mutations

You are small and have problems with some larger weapons.
You are completely attuned to the shadows.
Your mind is very acute. (Int +8, Str/Dex -2)
You occasionally shout uncontrollably at your foes.


Message History

You hit the gnoll.
The gnoll is heavily wounded.
Your attacks no longer feel as feeble.
You hit the gnoll.
The gnoll is heavily wounded.
The gnoll is no longer moving quickly.
The gnoll completely misses you. The gnoll closely misses you.
You hit the gnoll but do no damage.
The gnoll is heavily wounded.
The gnoll misses you. The gnoll hits you but does no damage.
You barely miss the gnoll.
The gnoll is heavily wounded.
You hit the gnoll.
The gnoll is almost dead.
The gnoll hits you with a +0 club. The gnoll barely misses you.
You hit the gnoll.
You kill the gnoll!
The gnoll misses you. The gnoll closely misses you. The gnoll misses you.
The gnoll barely misses you. The wight closely misses you.
The wight hits you with a +0 long sword!
The wight attacks as you move away! The wight closely misses you.
You hit the wight but do no damage.
Your weapon exudes an aura of protection.
The wight completely misses you. The wight misses you.
The wight closely misses you. The wight hits you with a +1 battleaxe.
The wight barely misses you. The wight misses you. The wight misses you.
There is an open door here.
The wight attacks as you move away!
The wight hits you with a +3 dire flail!
The wight attacks as you move away! The wight closely misses you.
The wight attacks as you move away! The wight misses you.
Items here: ))) [[ ÷÷÷.
The wight attacks as you move away! The wight hits you with a +1 battleaxe!
* * * LOW HITPOINT WARNING * * *
The wight attacks as you move away! The wight hits you with a +1 battleaxe!
You die...

#.#...#.# ##..g..#....#
#.#.#.#.### #..########.#
#...#.#...# #.#### #.#
......'..##(..#....# #.#
#####.##..#.#..#.)#.# #g#
.......+..#....#....# #.#
.####.##..#.........# #.#
####.##..####)#.#########.##
#....#.<...@zzz....#....#...
#†#....###.(..#....#.##.####
#.#....# #.#n.#..#.#.##.....
#.#)...# #....#......#z..###
#.+..... ##.####.....#...'..
#...... #.'...'g.†###
#####...#...###
....'...'...'..
#####...#...###


You could see a necrophage and 3 wights.

Vanquished Creatures
  Sigmund (D:5)
  Menkaure (D:5)
  A water moccasin (D:5)
  A black bear (D:5)
  An ice beast (D:6)
  2 ogres (D:5)
  A centaur (D:5)
  A phantom (D:5)
  Blork the orc (D:5)
  A bullfrog (D:5)
  2 scorpions
  2 wights (D:5)
  A howler monkey (D:5)
  3 hounds
  2 gnoll boudas
  2 iguanas
  5 orc wizards
  6 gnolls
  7 adders
  A shadow imp (D:5)
  A white imp (D:5)
  2 dart slugs
  18 orcs
  7 bats
  7 endoplasms
  4 giant cockroaches
  4 goblins
  6 hobgoblins
  6 jackals (D:2)
  8 kobolds
  2 quokkas
  4 ball pythons
  2 frilled lizards
  4 rats
117 creatures vanquished.

Vanquished Creatures (others)
  A quokka (D:5)
1 creature vanquished.

Grand Total: 118 creatures vanquished

Notes
Turn   | Place    | Note
-------+----------+-------------------------------------------
     0 | D:1      | cforsyth the Kobold Brigand began the quest for the Orb.
     0 | D:1      | Reached XP level 1. HP: 12/12 MP: 1/1
   118 | D:1      | Reached XP level 2. HP: 11/18 MP: 2/2
   167 | D:1      | Found a faded altar of an unknown god.
   673 | D:1      | Reached XP level 3. HP: 22/22 MP: 3/3
  1125 | D:2      | Reached XP level 4. HP: 18/27 MP: 4/4
  1257 | D:2      | Reached skill level 6 in Stealth
  1652 | D:3      | Identified the +1 leather armour of Untruth {Contam Harm
                  | rElec Str+3}
  1703 | D:3      | Reached XP level 5. HP: 31/32 MP: 5/5
  2259 | D:4      | Noticed Dowan
  2306 | D:3      | Reached XP level 6. HP: 18/38 MP: 6/6
  3088 | D:4      | Noticed Duvessa
  3756 | D:3      | Reached skill level 7 in Stealth
  3927 | D:5      | Entered Level 5 of the Dungeon
  3932 | D:5      | Noticed Blork the orc
  3936 | D:5      | Killed Blork the orc
  3937 | D:5      | Reached skill level 5 in Short Blades
  3937 | D:5      | Reached XP level 7. HP: 43/43 MP: 7/7
  4167 | D:5      | Noticed Menkaure
  4193 | D:5      | Gained mutation: You occasionally shout uncontrollably at
                  | your foes. [potion of mutation]
  4193 | D:5      | Gained mutation: Your mind is acute. (Int +4, Str/Dex -1)
                  | [potion of mutation]
  4193 | D:5      | Gained mutation: Your mind is very acute. (Int +8, Str/Dex
                  | -2) [potion of mutation]
  4211 | D:5      | Killed Menkaure
  4212 | D:5      | Reached skill level 8 in Stealth
  4212 | D:5      | Reached XP level 8. HP: 15/48 MP: 8/8
  4282 | D:5      | Reached skill level 5 in Fighting
  4282 | D:5      | Reached skill level 5 in Dodging
  4283 | D:5      | Found a staircase to the Ecumenical Temple.
  4457 | D:5      | Noticed Sigmund
  4461 | D:5      | Killed Sigmund
  4475 | Temple   | Entered the Ecumenical Temple
  4521 | Temple   | Became a worshipper of Hepliaklqana the Forgotten
  5017 | D:5      | Reached skill level 9 in Stealth
  5381 | D:6      | Reached XP level 9. HP: 55/55 MP: 9/9
  5402 | D:6      | Found a bloodstained altar of Trog.
  6372 | D:6      | Slain by a wight

Illustrated notes

Levels and vault maps discovered:
D:1:      saegor_arrival_simple_c, layout_loops_ring,
          chequers_ecumenical_altar_simple
D:2:      layout_loops_ring, minivault_24
D:3:      layout_rooms
D:4:      layout_cave_pools, serial_shops, kennysheep_mini_moat, uniq_duvessa
D:5:      layout_loops_ring, minmay_temple_entry_butterflies,
          uniq_blork_the_orc, uniq_menkaure, uniq_sigmund
D:6:      minmay_angry_zag, layout_basic, mainiacjoe_overflow_alcove_1,
          ebering_dispersal_statue_hall, hangedman_abyss_or_decor_passed,
          grunt_ministairs_11
Temple:   nicolae_temple_bog_church

Skill      XL: |  1  2  3  4  5  6  7  8 |
---------------+-------------------------+-----
Short Blades   | 3 4 5 6 7 |  7.9
Dodging        | 2 3 4 6 |  6.8
Fighting       | 3 4 6 |  6.5
Stealth        | 6 7 8 9 |  9.7
Throwing       | |  2.1

Action                     |  1- 3 |  4- 6 |  7- 9 || total
---------------------------+-------+-------+-------++-------
  Melee: Dagger            |    71 |   288 |   326 ||   685
         Punch             |       |     6 |     9 ||    15
    Use: Potion            |       |       |     7 ||     7
   Stab: Sleeping          |    12 |    13 |    11 ||    36
         Distracted        |       |     1 |       ||     1
 Armour: Robe              |    16 |    96 |    12 ||   124
         Leather armour    |       |       |    25 ||    25
  Dodge: Dodged            |    38 |   236 |   207 ||   481

Table legend: (Time is in decaauts)
 A = Elapsed time spent in this place.
 B = Non-inter-level travel time spent in this place.
 C = Inter-level travel time spent in this place.
 D = Time resting spent in this place.
 E = Time spent auto-exploring this place.
 F = Levels seen in this place.
 G = Mean time per level.
                   A        B        C        D        E       F      G
               +--------+--------+--------+--------+--------+-----+--------+
         Total |   6213 |   6095 |    118 |   1583 |   3346 |   7 |  887.6 |
       Dungeon |   5923 |   5827 |     96 |   1583 |   3100 |   6 |  987.2 |
        Temple |    290 |    268 |     22 |      0 |    246 |   1 |  290.0 |
               +--------+--------+--------+--------+--------+-----+--------+

Top non-repeatable levels by time:
     D:3: 1848 daAuts
     D:5: 1698 daAuts
     D:1: 779 daAuts
     D:2: 756 daAuts
     D:4: 473 daAuts
     D:6: 366 daAuts
  Temple: 290 daAuts
